 Dungeon Crawl Stone Soup version 0.28.0-49-g6dfe1f597d (webtiles) character file.

Game seed: 7819142362137559401

24 keeperofthepies the Chopper (level 3, 0/33 HPs)
             Began as a Hill Orc Monk on May 14, 2022.
             Was a Priest of Makhleb.
             Succumbed to a scorpion's poison
             ... on level 2 of the Dungeon.
             The game lasted 00:08:23 (973 turns).

keeperofthepies the Chopper (Hill Orc Monk)          Turns: 973, Time: 00:08:23

Health: 0/33       AC:  4    Str: 15    XL:     3   Next: 2%
Magic:  3/3        EV: 12    Int: 10    God:    Makhleb [***...]
Gold:   27         SH:  0    Dex: 13    Spells: 2/2 levels left

rFire   . . .      SeeInvis .   c - +2 dagger (vamp)
rCold   . . .      Faith    +   (no shield)
rNeg    . . .      Spirit   .   b - +0 robe
rPois   .          Reflect  .   (no helmet)
rElec   .          Harm     .   (no cloak)
rCorr   .          Rampage  .   (no gloves)
Will    .....                   f - +1 pair of boots
Stlth   ++........              d - amulet of faith
HPRegen 0.11/turn               (no ring)
MPRegen 0.08/turn               (no ring)

@: lethally poisoned (0 -> -3)
A: no striking features
a: Renounce Religion, Minor Destruction, Lesser Servant of Makhleb


You were on level 2 of the Dungeon.
You worshipped Makhleb.
Makhleb was most pleased with you.
You visited 1 branch of the dungeon, and saw 2 of its levels.

You collected 27 gold pieces.

Inventory:

Hand Weapons
 a - a +0 hand axe
 c - a +2 vampiric dagger (weapon)
Armour
 b - a +0 robe (worn)
 f - a +1 pair of boots (worn)
Jewellery
 d - an amulet of faith (around neck)
Scrolls
 e - a scroll of acquirement {unknown}


   Skills:
 + Level 4.0 Fighting
 + Level 0.6 Short Blades
 + Level 4.2 Axes
 + Level 2.8 Dodging
 + Level 1.7 Stealth


You had 2 spell levels left.
You didn't know any spells.
Your spell library was empty.

Dungeon Overview and Level Annotations

Branches:
Dungeon (2/15)

Altars:
Makhleb


Message History

The hobgoblin hits you but does no damage.
You hit the hobgoblin.
The hobgoblin is almost dead.
The hobgoblin hits you.
You barely miss the hobgoblin.
The hobgoblin is almost dead.
The scorpion stings you. The hobgoblin barely misses you.
You barely miss the hobgoblin.
The hobgoblin is almost dead.
The scorpion barely misses you. The hobgoblin closely misses you.
The scorpion stings you.
You hit the hobgoblin but do no damage.
The hobgoblin is almost dead.
The hobgoblin closely misses you.
The scorpion stings you but does no damage.
You hit the hobgoblin but do no damage.
The hobgoblin is almost dead.
The scorpion stings you!
You are poisoned.
The scorpion poisons you!
The hobgoblin hits you but does no damage.
You hit the hobgoblin.
You feel better.
You kill the hobgoblin!
Makhleb accepts your kill.
You feel sick. The scorpion stings you.
* * * LOW HITPOINT WARNING * * *
Your Fighting skill increases to level 4!
You have reached level 3!
Your experience leads to an increase in your attributes!
Increase (S)trength, (I)ntelligence, or (D)exterity?
Uppercase letters only, please.
You feel stronger. x2
* * * LOW HITPOINT WARNING * * *
You feel sick. The scorpion stings you.
* * * LOW HITPOINT WARNING * * *
You hit the scorpion but do no damage.
* * * LOW HITPOINT WARNING * * *
You feel sick. The scorpion closely misses you.
You completely miss the scorpion.
You die...

.....# .###.# #.# .#
#.# #. #.# .# #.# #.
#.# .# #.# #.....
####.## #..#.# #...##
#..#.# #.#..# #..s(#
#....# #...@# ####.#
####.## ##.##.# #..##
##...#.#########...####
......................+
##...#.#####.........##
##.##.# #.###..##.# ##
#.# #.# #.###.# #.# #.#
#.# #.#


You could see a scorpion.

Vanquished Creatures
  2 endoplasms (D:1)
  2 giant cockroaches
  5 goblins (D:1)
  2 hobgoblins (D:2)
  A quokka (D:1)
  2 ball pythons
  3 bats
  A frilled lizard (D:2)
  3 kobolds (D:1)
  A rat (D:2)
22 creatures vanquished.

Notes
Turn   | Place    | Note
-------+----------+-------------------------------------------
     0 | D:1      | keeperofthepies the Hill Orc Monk began the quest for the
                  | Orb.
     0 | D:1      | Reached XP level 1. HP: 19/19 MP: 1/1
    93 | D:1      | Found a faded altar of an unknown god.
   123 | D:1      | Prayed at the altar of an unknown god.
   123 | D:1      | Became a worshipper of Makhleb the Destroyer
   123 | D:1      | Reached * piety under Makhleb
   123 | D:1      | Reached ** piety under Makhleb
   166 | D:1      | Reached XP level 2. HP: 18/27 MP: 2/2
   270 | D:1      | Reached *** piety under Makhleb
   960 | D:2      | Noticed a scorpion
   971 | D:2      | Reached XP level 3. HP: 7/33 MP: 3/3
   972 | D:2      | HP: 1/33 [poisoned by a scorpion]
   973 | D:2      | Succumbed to a scorpion's poison

Illustrated notes

Levels and vault maps discovered:
D:1:      onia_arrival_mini_spirals, layout_basic,
          shapermc_ecumenical_altar_totnotflames
D:2:      layout_loops_corners

Skill      XL: |  1  2 |
---------------+-------+-----
Fighting       | 4 |  4.0
Short Blades   | |  0.6
Axes           | |  4.2
Dodging        | |  2.8
Stealth        | |  1.7

Action                   || total
-------------------------++-------
Melee: Dagger            ||    73
       Hand axe          ||    11
  Use: Potion            ||     1
Armor: Robe              ||    23
Dodge: Dodged            ||    43
